 Dungeon Crawl Stone Soup version 0.28.0-1-gb440e238dd (webtiles) character file.

Game seed: 9478031516357053903

10991 smarlow the Thaumaturge (level 12, -3/63 HPs)
             Began as a Djinni Fire Elementalist on Feb 24, 2022.
             Was a Believer of Ashenzari.
             Slain by a two-headed ogre (22 damage)
             ... on level 10 of the Dungeon.
             The game lasted 00:37:11 (15981 turns).

smarlow the Thaumaturge (Djinni Fire Elementalist) Turns: 15981, Time: 00:37:12

Health: -3/63      AC:  5    Str:  7    XL:     12   Next: 2%
Gold:   450        EV: 20    Int: 21    God:    Ashenzari [**....] SH:  5 Dex: 15

rFire   + + +      SeeInvis +   (no weapon)
rCold   . . .      Faith    .   g - +0 buckler
rNeg    . . .      Spirit   .   a - +0 robe
rPois   ∞          Reflect  .   (no helmet)
rElec   .          Harm     .   x - scarf "Suspicion of Ashenzari" {rC+ rF+, Range, Evo} (curse)
rCorr   .          Rampage  .   i - +1 pair of gloves of Ashenzari's Moon {Melee, Evo} (curse)
Will    ++...                   (boots unavailable)
Stlth   ++++......              (no amulet)
HPRegen 0.20/turn               c - +4 ring of evasion
MPRegen 0.00/turn               b - ring of Panopticon {Will+, Evo, Fort} (curse)

@: flying
A: sickness immunity, fire resistance 2, cold vulnerability 1, float, innate
caster, HP casting, extra vitality 1, frail 1
a: Renounce Religion, Curse Item, Shatter the Chains


You were on level 10 of the Dungeon.
You worshipped Ashenzari.
Ashenzari was pleased with you.
You visited 2 branches of the dungeon, and saw 13 of its levels.

You collected 450 gold pieces.

Inventory:

Missiles
 o - 5 throwing nets
Armour
 a - a +0 robe (worn)
 g - a +0 buckler (worn)
 i - the cursed +1 pair of gloves of Ashenzari's Moon (worn) {Melee, Evo}
   (You found it on level 2 of the Dungeon)

   It has a curse which improves the following skills: Melee Combat: Short
   Blades, Long Blades, Axes, Maces & Flails, Polearms, Staves and Unarmed
   Combat.
   Evocations: Evocations.
 l - a +0 helmet
 x - the cursed scarf "Suspicion of Ashenzari" (worn) {rC+ rF+, Range, Evo}
   (You found it on level 8 of the Dungeon)

   It has a curse which improves the following skills: Ranged Combat: Slings,
   Bows, Crossbows and Throwing.
   Evocations: Evocations.
Jewellery
 b - the cursed ring of Panopticon (right hand) {Will+, Evo, Fort}
   (You found it on level 4 of the Dungeon)

   [ring of willpower]

   Will:      It increases your willpower.
   It has a curse which improves the following skills: Evocations: Evocations.
   Fortitude: Armour and Shields.
 c - a +4 ring of evasion (left hand)
 d - a ring of protection from fire
 m - a +6 ring of intelligence
Wands
 j - a wand of polymorph (9)
 p - a wand of digging (7)
 v - a wand of iceblast (8)
 z - a wand of paralysis (7)
 B - a wand of acid (9)
Scrolls
 f - 4 scrolls of vulnerability
 h - a scroll of summoning
 n - 2 scrolls of enchant armour
 u - a scroll of magic mapping
 y - 4 scrolls of enchant weapon
 A - a scroll of immolation
Potions
 e - a potion of ambrosia
 q - a potion of resistance
 r - 2 potions of brilliance
 s - a potion of lignification
 w - a potion of curing
 D - 3 potions of might


   Skills:
 + Level 6.9(8.2) Armour
 + Level 9.3 Dodging
 + Level 7.6 Stealth
 + Level 3.8(5.0) Shields
 * Level 9.3 Spellcasting


You had 2 spell levels left.
You knew the following spells:

 Your Spells              Type           Power      Damage    Failure   Level
a - Foxfire               Conj/Fire      100%       2x1d9     1%          1
b - Scorch                Fire           98%        2d9       1%          2
c - Conjure Flame         Conj/Fire      49%        6-21      1%          3
d - Inner Flame           Hex/Fire       49%        N/A       1%          3
e - Flame Wave            Conj/Fire      49%        2d10      1%          4
f - Slow                  Hex            100%       N/A       1%          1
g - Corpse Rot            Necr/Air       98%        N/A       1%          2
h - Static Discharge      Conj/Air       49%        N/A       1%          2
i - Fulminant Prism       Conj/Hex       24%        3d13      1%          4
j - Alistair's Intoxicat  Tmut/Pois      32%        N/A       5%          5
Your spell library was empty.

Dungeon Overview and Level Annotations

Branches:
Dungeon (12/15)            Temple (1/1) D:5             Orc (0/2) D:10
   Lair: D:8-11

Altars:
Ashenzari
Cheibriados
Gozag
Makhleb
Qazlal
Ru
Wu Jian
Xom
The Shining One

Shops:
D:5 [   D:8 (

Annotations:
D:4 3 runed translucent doors, lake5's ghost, amateur DECj
D:11 Fannar; Psyche


Innate Abilities, Weirdness & Mutations

You are immune to sickness and miasma.
You are immune to poison.
Your flesh is very heat resistant. (rF++)
You are vulnerable to cold. (rC-)
You float through the air rather than walking.
You learn spells naturally, not from books.
Your magical power is your life essence.
You have superior vitality. (+4 MHP)
You are frail. (-10% HP)


Message History

Casting: Flame Wave (dangerous; 1% risk of failure)
Press: ? - help, Dir - look around, f - activate A wave of flame ripples out!
The flame wave engulfs the two-headed ogre!!
The two-headed ogre is moderately wounded.
The flame wave engulfs the centaur warrior zombie!
The centaur warrior zombie is burned terribly!
The centaur warrior zombie is severely damaged. (Press . to intensify the flame waves.)
The centaur warrior zombie misses you.
You block the centaur warrior zombie's attack.
A wave of flame ripples out!
The flame wave engulfs the two-headed ogre!
The two-headed ogre is severely wounded.
The flame wave engulfs the centaur warrior zombie!
The centaur warrior zombie is burned terribly!
The centaur warrior zombie is almost destroyed.
You hear a shout! x2
You block the two-headed ogre's attack.
The two-headed ogre hits you with a +0 giant club!
The centaur warrior zombie hits you but does no damage.
The centaur warrior zombie kicks you but does no damage.
A wave of flame ripples out!
The flame wave engulfs the two-headed ogre.
The two-headed ogre is almost dead.
The flame wave engulfs the centaur warrior zombie!!
The centaur warrior zombie is burned terribly!
You destroy the centaur warrior zombie!
You finish channelling waves of flame.
You block the two-headed ogre's attack.
The two-headed ogre completely misses you.
You have reached level 12!
You feel agile. The two-headed ogre closely misses you.
The two-headed ogre completely misses you.
Casting: Flame Wave (dangerous; 1% risk of failure)
Confirm with . or Enter, or press ? or * to list all spells.
Flames lash the kobold.
You kill the kobold!
The two-headed ogre hits you with a +0 giant club!!
You die...

.......§K.....###.............#
.K.K§K§§......######.........##
.)..§§§§.......## #....#...##
....§§§§§....?..# #.######
).))§§§..B.......# #.#
.c..§§§§§......).# #.#
...§....§........# #.#
#..............O####.#####
########.>......@........# **
#####.............#
####..........# , #..........#
* #..........# * #..........#
#..........# * ############


You could see a boulder beetle and a two-headed ogre.

Vanquished Creatures
  Erolcha (D:11)
  An ogre mage (D:10)
  3 two-headed ogres
  A death yak (D:9)
  Sonja (D:10)
  A deep elf pyromancer (D:7)
  A gargoyle (D:8)
  Grinder (D:3)
  4 yaks (D:9)
  A wyvern (D:10)
  A swamp drake (D:10)
  4 water moccasins
  5 orc warriors
  Pargi (D:3)
  A hornet zombie (D:8)
  A necrophage (D:8)
  2 sky beasts
  6 ogres
  A centaur (D:10)
  4 kobold brigands
  2 bullfrogs
  5 gnoll sergeants
  A water moccasin zombie (D:5)
  A scorpion (D:7)
  3 killer bees
  5 wights
  A crimson imp (D:4)
  5 centaur zombies
  2 orc priests
  A bullfrog skeleton (D:6)
  4 hounds
  A jelly (D:6)
  5 gnoll shamans
  Jessica (D:3)
  2 iguanas
  Natasha (thrice) (D:3)
  7 orc wizards
  3 hound skeletons (D:4)
  2 howler monkey zombies
  7 adders
  45 gnolls
  A howler monkey skeleton (D:4)
  A shadow imp (D:6)
  An ufetubus (D:4)
  2 worms
  22 orcs
  5 bats
  10 endoplasms
  2 giant cockroaches
  5 goblins
  6 hobgoblins
  6 jackals
  13 kobolds
  5 quokkas
  3 training dummies (D:8)
  3 ball pythons
  3 frilled lizards
  9 rats
  5 foxfires
249 creatures vanquished.

Vanquished Creatures (others)
  869 foxfires
  41 fulminant prisms
  6 fungi (D:7)
  12 plants (D:7)
928 creatures vanquished.

Grand Total: 1177 creatures vanquished

Notes
Turn   | Place    | Note
-------+----------+-------------------------------------------
     0 | D:1      | smarlow the Djinni Fire Elementalist began the quest for
                  | the Orb.
     0 | D:1      | Reached XP level 1. HP: 15/15 MP: 0/0
   429 | D:1      | Reached XP level 2. HP: 18/21 MP: 0/0
   832 | D:1      | Found a faded altar of an unknown god.
  1580 | D:2      | Reached XP level 3. HP: 23/25 MP: 0/0
  1580 | D:2      | Learned a level 1 spell: Slow
  2861 | D:3      | Noticed Natasha
  2865 | D:3      | Killed Natasha
  2866 | D:3      | Reached XP level 4. HP: 27/31 MP: 0/0
  2870 | D:3      | Noticed Natasha
  2878 | D:3      | Killed Natasha
  2966 | D:3      | Noticed Natasha
  2969 | D:3      | Killed Natasha
  2970 | D:3      | Reached XP level 5. HP: 28/35 MP: 0/0
  2970 | D:3      | Learned a level 2 spell: Corpse Rot
  3517 | D:3      | Noticed Jessica
  3521 | D:3      | Killed Jessica
  3834 | D:3      | Noticed Pargi
  4150 | D:4      | Reached XP level 6. HP: 16/40 MP: 0/0
  4632 | D:4      | Found a runed translucent gate.
  4632 | D:4      | Noticed lake5's ghost (amateur DECj)
  4633 | D:4      | Found a runed translucent gate.
  4637 | D:4      | Found a runed translucent gate.
  5121 | D:4      | Found an ornate altar of the Wu Jian Council.
  5177 | D:4      | Found a shimmering altar of Xom.
  5226 | D:5      | Entered Level 5 of the Dungeon
  5296 | D:5      | Reached XP level 7. HP: 34/45 MP: 0/0
  5296 | D:5      | Learned a level 2 spell: Static Discharge
  6025 | D:5      | Reached skill level 5 in Spellcasting
  6144 | D:5      | Reached skill level 5 in Dodging
  6144 | D:5      | Reached XP level 8. HP: 42/50 MP: 0/0
  6220 | D:5      | Found Ymutidd's Armour Shop.
  6496 | D:5      | Found a staircase to the Ecumenical Temple.
  6689 | Temple   | Entered the Ecumenical Temple
  6727 | Temple   | Became a worshipper of Ashenzari the Shackled
  8324 | D:3      | Killed Pargi
  8325 | D:3      | Reached skill level 1 in Armour
  8398 | D:3      | Noticed Grinder
  8403 | D:3      | Killed Grinder
  9082 | D:6      | Reached XP level 9. HP: 35/55 MP: 0/0
  9082 | D:6      | Learned a level 4 spell: Fulminant Prism
  9444 | D:6      | Reached skill level 5 in Stealth
  9657 | D:6      | Noticed a two-headed ogre
  9671 | D:6      | Killed a two-headed ogre
 10241 | D:7      | Noticed a deep elf pyromancer
 10247 | D:7      | Killed a deep elf pyromancer
 10248 | D:7      | Reached XP level 10. HP: 41/60 MP: 0/0
 10953 | D:7      | Reached * piety under Ashenzari
 11349 | D:7      | Reached skill level 5 in Armour
 11434 | D:7      | Gained mutation: You have a pair of small horns on your
                  | head. [potion of mutation]
 12506 | D:8      | Noticed a gargoyle
 12956 | D:8      | Found Qiuts's Firing Range.
 13107 | D:8      | Killed a gargoyle
 13528 | D:9      | Reached skill level 1 in Shields
 13529 | D:9      | Reached XP level 11. HP: 52/65 MP: 0/0
 13529 | D:9      | Learned a level 5 spell: Alistair's Intoxication
 13694 | D:9      | Noticed a two-headed ogre
 13700 | D:9      | Noticed a death yak
 13701 | D:9      | Killed a two-headed ogre
 13715 | D:9      | Killed a death yak
 13912 | D:9      | Noticed a death yak
 13925 | D:10     | Entered Level 10 of the Dungeon
 14436 | D:10     | Found a staircase to the Orcish Mines.
 14547 | D:10     | HP: 3/65 [slime creature (12)]
 14707 | D:10     | Noticed a boulder beetle
 14738 | D:10     | Noticed an ogre mage
 14742 | D:10     | Reached ** piety under Ashenzari
 14745 | D:10     | Killed an ogre mage
 14745 | D:10     | Noticed a two-headed ogre
 15028 | D:11     | Noticed Erolcha
 15028 | D:11     | Noticed Psyche
 15047 | D:11     | Noticed a two-headed ogre
 15067 | D:11     | Noticed Fannar
 15109 | D:10     | Noticed Sonja
 15119 | D:10     | Killed Sonja
 15126 | D:10     | Noticed a cyclops
 15264 | D:11     | Killed Erolcha
 15507 | D:11     | Killed a two-headed ogre
 15553 | D:11     | Noticed a boulder beetle
 15652 | D:11     | Noticed a red ugly thing
 15668 | D:11     | Noticed a two-headed ogre
 15724 | D:12     | Identified the cursed scarf "Suspicion of Ashenzari" {rC+
                  | rF+, Range, Evo} (You found it on level 8 of the Dungeon)
 15724 | D:12     | Identified the cursed +1 pair of gloves of Ashenzari's Moon
                  | {Melee, Evo} (You found it on level 2 of the Dungeon)
 15724 | D:12     | Identified the cursed ring of Panopticon {Will+, Evo, Fort}
                  | (You found it on level 4 of the Dungeon)
 15727 | D:12     | Lost mutation: You have a pair of small horns on your head.
                  | [potion of mutation]
 15727 | D:12     | Gained mutation: You are frail. (-10% HP) [potion of
                  | mutation]
 15980 | D:10     | Reached XP level 12. HP: 20/63 MP: 0/0
 15981 | D:10     | Slain by a two-headed ogre

Illustrated notes

Levels and vault maps discovered:
D:1:      wheals_arrival_shading, layout_loops_cross, serial_glass,
          glass_columns_b, glass_columns_c, glass_columns_c, glass_columns_a,
          glass_columns_b, glass_columns_a, glass_columns_a, glass_columns_c,
          glass_columns_a, glass_columns_a, glass_columns_c, glass_columns_a,
          glass_columns_a, glass_columns_a, basic_ecumenical_altar
D:2:      layout_basic
D:3:      layout_loops_ring, uniq_natasha, uniq_jessica, uniq_grinder,
          uniq_pargi
D:4:      layout_basic, nzn_wu_jian_council_hall, led_xom_imps,
          gammafunk_ghost_split, fountainhead, minmay_increasing_density
D:5:      layout_cave_pools, minmay_temple_entry_enclosed_plants,
          serial_gnoll_camp, gnoll_camp_mini_shop, gnoll_camp_mini_hut,
          gnoll_camp_mini_loothouse, gnoll_camp_medium_02, dk_rats_in_the_wall
D:6:      layout_loops_corners, nicolae_water_bricks
D:7:      kennysheep_seaside_town, layout_rooms
D:8:      layout_rooms, nicolae_shop_firing_range
D:9:      layout_small_grid, grunt_temple_overflow_bloody_war,
          dpeg_lair_monsters, uniq_joseph, uniq_maggie
D:10:     minmay_blocky_corners, layout_rooms, erik_orc_1, minivault_23,
          uniq_sonja
D:11:     layout_grid_maze, serial_shops, nicolae_shop_bloodbath_and_beyond,
          uniq_nergalle, uniq_erolcha, uniq_psyche, uniq_fannar, uniq_harold
D:12:     layout_basic, minivault_28, uniq_frances, uniq_gastronok
Temple:   mainiacjoe_temple_coin_purse

Skill      XL: |  1  2  3  4  5  6  7  8  9 10 11 |
---------------+----------------------------------+-----
Stealth        | 2 3 4 5 6 7 |  7.6
Dodging        | 3 4 5 7 8 9 |  9.3
Spellcasting   | 3 4 5 6 7 8 9 |  9.3
Armour         | 2 4 5 6 |  6.9
Shields        | 1 3 |  3.8

Action                   |  1- 3 |  4- 6 |  7- 9 | 10-12 || total
-------------------------+-------+-------+-------+-------++-------
 Cast: Foxfire           |   122 |   124 |   146 |   149 ||   541
       Scorch            |     1 |    20 |    38 |   110 ||   169
       Static Discharge  |       |       |     1 |     8 ||     9
       Slow              |       |       |     1 |     1 ||     2
       Fulminant Prism   |       |       |     6 |    35 ||    41
       Flame Wave        |       |       |     1 |     4 ||     5
       Alistair's Intoxi |       |       |       |     2 ||     2
Invok: Curse Item        |       |       |     1 |     2 ||     3
  Use: Scroll            |     1 |     1 |     6 |     8 ||    16
       Potion            |       |       |       |     6 ||     6
Armor: Robe              |     4 |     2 |     1 |    17 ||    24
Dodge: Dodged            |    13 |    11 |    21 |    97 ||   142
Block: Buckler           |       |       |       |    10 ||    10
